 Dungeon Crawl Stone Soup version 0.13.0 (webtiles) character file.

56 Hirmuolio the Grasshopper (level 1, -2/18 HPs)
             Began as a Deep Dwarf Warper on Oct 12, 2013.
             Slain by a kobold
             ... wielding a cursed +0,-2 orcish whip
              (3 damage)
             ... on Level 1 of the Dungeon.
             The game lasted 00:05:03 (118 turns).

Hirmuolio the Grasshopper (Deep Dwarf Warper)        Turns: 118, Time: 00:05:04

HP  -2/18        AC  3     Str 14      XL: 1   Next: 75%
MP   1/1         EV 11     Int 13      God:
Gold 50          SH  0     Dex 12      Spells:  1 memorised,  2 levels left

Res.Fire  : . . .   See Invis. : .   a - +0 dwarf hand axe {=f}
Res.Cold  : . . .   Warding    : .   b - +0 leather armour
Life Prot.: . . .   Conserve   : .   (no shield)
Res.Poison: .       Res.Corr.  : .   (no helmet)
Res.Elec. : .       Clarity    : .   (no cloak)
Sust.Abil.: . .     Spirit.Shd : .   (no gloves)
Res.Mut.  : .       Stasis     : .   (no boots)
Res.Rott. : .       Flight     : .   (no amulet)
Saprovore : . . .                    (no ring)
                                     (no ring)

@: non-regenerating, not resistant to hostile enchantments, very unstealthy
A: damage resistance, recharge devices, sense surroundings 1, slow healing 3
a: Device Recharging


You were on level 1 of the Dungeon.
You were not hungry.

You visited 1 branch of the dungeon, and saw 1 of its levels.

Inventory:

Hand weapons
 a - a +0,+0 dwarven hand axe (weapon) {=f}
 j - a +0,+0 elven whip
 k - a +0,+1 orcish dagger
Missiles
 e - 15 darts (quivered)
 f - 10 darts of dispersal
 l - 4 stones
Armour
 b - a +0 leather armour (worn)
Magical devices
 g - a wand of heal wounds (5)
Comestibles
 h - a bread ration
Scrolls
 d - a scroll of blinking
Books
 c - a book of Spatial Translocations

   Spells                             Type                      Level
   *Apportation                       Translocation                1
   Portal Projectile                  Translocation                2
   Blink                              Translocation                2
   Shroud of Golubria                 Charms/Translocation         2
   Teleport Other                     Translocation                3
   Passage of Golubria                Translocation                4


   Skills:
 + Level 1.7 Fighting
 + Level 2.1 Axes
 + Level 0.8 Throwing
 + Level 1.1 Armour
 + Level 2.2 Dodging
 + Level 1.7 Spellcasting
 + Level 3.7 Translocations


You had 2 spell levels left.
You knew the following spells:

 Your Spells              Type           Power        Failure   Level  Hunger
a - Apportation           Tloc           ##........   8%          1    ##.....


Dungeon Overview and Level Annotations

Branches:
Dungeon (1/27)

Altars:


Innate Abilities, Weirdness & Mutations

You are resistant to damage.
You can recharge devices by infusing magical energy.
You passively map a small area around you.
You do not heal naturally.


Message History

The hobgoblin shouts!
Read which item? (? for menu, Esc to quit)
As you read the scroll labeled LUAHUE TAER, it crumbles to dust.
Use on which item? (\ to view known items) (? for menu, Esc to quit)
Nothing appears to happen.
The kobold throws a dart.
The dart hits you!
The kobold throws a dart.
The dart misses you.
You barely miss the hobgoblin. The hobgoblin closely misses you.
The hobgoblin barely misses you.
The kobold throws a dart.
The dart misses you.
You closely miss the hobgoblin. The hobgoblin hits you.
* * * LOW HITPOINT WARNING * * *
You barely miss the hobgoblin. You barely miss the kobold.
The hobgoblin barely misses you. The kobold misses you.
You closely miss the hobgoblin. You barely miss the kobold.
The hobgoblin hits you.
* * * LOW HITPOINT WARNING * * *
The kobold hits you but does no damage.
You closely miss the kobold. You closely miss the hobgoblin.
The hobgoblin hits you but does no damage.
The kobold hits you with an orcish whip.
You die...

, * , * * #### ### **
, , #...### #.[.. *
###.....##...# **
.............##
.#.........g.K.......
####.#.#* #.###@# *
..##.#.# #..(((# ,
#.##.#.##. #?###.#
..##......#*,* #.# **
.....#.# *** #.#
..##.#.## #.#
..##....####.# #.#
#............# #.#
..##%...########.#


You could see a hobgoblin and a kobold.

Vanquished Creatures
  A giant gecko (D:1)
  A hobgoblin (D:1)
  2 kobolds (D:1)
4 creatures vanquished.

Notes
Turn   | Place    | Note
--------------------------------------------------------------
     0 | D:1      | Hirmuolio, the Deep Dwarf Warper, began the quest for the Orb.
     0 | D:1      | Reached XP level 1. HP: 18/18 MP: 1/1
   118 | D:1      | Slain by a kobold

Action                   || total
-------------------------++-------
Melee: Hand axe          ||    25
  Use: Scroll            ||     1
